 Dungeon Crawl Stone Soup version 0.25-a0-565-g8875c97ebb (webtiles) character file.

Game seed: 9329601264231885426, levelgen mode: deterministic

21 DerDa the Skirmisher (level 2, -1/27 HPs)
             Began as a Minotaur Fighter on Feb 26, 2020.
             Slain by a kobold
             ... wielding a +2 short sword of electrocution
              (18 damage)
             ... on level 1 of the Dungeon.
             The game lasted 00:00:46 (207 turns).

DerDa the Skirmisher (Minotaur Fighter)              Turns: 207, Time: 00:00:46

Health: -1/27      AC:  7    Str: 20    XL:     2   Next: 62%
Magic:  1/1        EV:  7    Int:  5    God:
Gold:   0          SH:  9    Dex:  9    Spells: 1/1 levels left

rFire    . . .     SeeInvis .   a - +0 long sword
rCold    . . .     Gourm    .   c - +0 kite shield
rNeg     . . .     Faith    .   b - +0 scale mail
rPois    .         Spirit   .   (helmet restricted)
rElec    .         Reflect  .   (no cloak)
rCorr    .         Harm     .   (no gloves)
MR       .....                  (no boots)
Stlth    ..........             (no amulet)
HPRegen  0.09/turn              (no ring)
MPRegen  0.07/turn              (no ring)

@: no status effects
A: retaliatory headbutt, horns 2
a: no special abilities


You were on level 1 of the Dungeon.
You were not hungry.

You visited 1 branch of the dungeon, and saw 1 of its levels.

Inventory:

Hand Weapons
 a - a +0 long sword (weapon)
Missiles
 e - 47 stones (quivered)
 i - 10 bolts
Armour
 b - a +0 scale mail (worn)
 c - a +0 kite shield (worn)
Scrolls
 g - a scroll of enchant weapon {unknown}
Potions
 d - a potion of might
Comestibles
 f - 2 rations
 h - 4 chunks of flesh


   Skills:
 * Level 4.0 Fighting
 + Level 2.7 Long Blades
 + Level 3.8 Armour
 + Level 0.8 Dodging
 + Level 3.8 Shields


You had one spell level left.
You didn't know any spells.
Your spell library was empty.

Dungeon Overview and Level Annotations

Branches:
Dungeon (1/15)

Altars:


Innate Abilities, Weirdness & Mutations

You reflexively headbutt those who attack you in melee.
You have a pair of horns on your head.


Message History

You closely miss the goblin. The rat closely misses you.
You riposte.
You barely miss the rat. Your headbutt misses the rat. The goblin hits you.
You block the rat's attack.
A kobold comes into view.
It is wielding a +2 short sword of electrocution.
The goblin closely misses you.
You riposte.
You slash the goblin!
You kill the goblin!
You barely miss the rat. The rat barely misses you. You furiously retaliate!
You headbutt the rat!
You kill the rat!
You block the hobgoblin's attack.
You barely miss the hobgoblin. You block the hobgoblin's attack.
A hobgoblin comes into view.
You block the hobgoblin's attack.
You barely miss the hobgoblin. You block the hobgoblin's attack.
You slash the hobgoblin!
You kill the hobgoblin!
The kobold hits you with a +2 short sword of electrocution.
You are electrocuted!!
Ouch! That really hurt!
You die...

#.......# ##.....## #.#
#.. ####.#### ##...##
#.# ##. #.# ##+## #.# #.
#.# #.# #.# ## #.# #.# #
####.### #.## #
##.#......#######..#####
#.......................
..≈≈≈≈≈@≈≈≈≈≈.≈≈≈≈≈.≈≈≈≈
..≈###≈K≈###≈.≈###≈.≈###
#≈.≈# #≈.≈# #≈.≈# #
#≈.≈# #≈.≈# #≈.≈# #
≈≈≈g≈≈≈≈≈.≈≈≈≈≈.≈≈≈≈
.....................
≈≈≈≈.≈≈≈≈≈.≈≈≈≈≈.≈≈≈≈
###≈.≈###


You could see a hobgoblin and a kobold.

Vanquished Creatures
  2 oozes (D:1)
  A bat (D:1)
  4 goblins (D:1)
  A hobgoblin (D:1)
  A kobold (D:1)
  2 rats (D:1)
11 creatures vanquished.

Notes
Turn   | Place    | Note
-------+----------+-------------------------------------------
     0 | D:1      | DerDa the Minotaur Fighter began the quest for the Orb.
     0 | D:1      | Reached XP level 1. HP: 19/19 MP: 0/0
   124 | D:1      | Reached XP level 2. HP: 27/27 MP: 1/1
   188 | D:1      | Reached skill level 4 in Fighting
   207 | D:1      | Slain by a kobold

Levels and vault maps discovered:
D:1:      dpeg_arrival_pits, layout_loops_corners, kennysheep_boxes

Skill      XL: |  1  2 |
---------------+-------+-----
Fighting       | 4 |  4.0
Long Blades    | |  2.7
Armour         | |  3.8
Dodging        | |  0.8
Shields        | |  3.8

Action                   || total
-------------------------++-------
Melee: Long sword        ||    22
Armor: Scale mail        ||     4
Dodge: Dodged            ||    10
Block: Kite shield       ||    10
       Rpst.: Long sword ||     4

Table legend:
 A = Non-vault XP
 B = Vault XP
 C = Vault XP percentage of total XP
 D = Non-vault monster count
 E = Vault monster count
 F = Vault count percentage of total count
                 A         B        C        D         E       F
            +---------+---------+-------+---------+---------+-------
      Total |      30 |       0 |   0.0 |      11 |       0 |   0.0
            +---------+---------+-------+---------+---------+-------
        D:1 |      30 |       0 |   0.0 |      11 |       0 |   0.0
            +---------+---------+-------+---------+---------+-------
